[Event "SVK ECo-C Extraliga 2021-22"]
[Site "Slovakia"]
[Date "2022.05.09"]
[Round "8.5"]
[White "Halak, Miklos"]
[Black "Pacher, Milan"]
[Result "1/2-1/2"]
[ECO "C47"]
[WhiteElo "2247"]
[BlackElo "2394"]
[Annotator "TA"]
[PlyCount "60"]
[EventDate "2021.10.21"]
[EventType "team-tourn"]
[EventCountry "SVK"]
[SourceTitle "playchess.com"]
[Source "ChessBase"]
[SourceQuality "1"]
[TimeControl "40/5400+30:1800+30"]

1. e4 e5 2. Nf3 Nc6 3. Nc3 Nf6 4. d4 exd4 5. Nxd4 Bb4 6. Nxc6 bxc6 7. Bd3 d5 8. exd5 O-O {[%emt 0:00:03] The modern move. C47: Scotch Four Knights and Four Knights with 4 g3.} 9. O-O Bg4 10. Be2 Bxe2 11. Nxe2 cxd5 12. Bg5 Be7 13. Nd4 Qd7 {[%emt 0:00:35] Prevents Nf5.} 14. Qf3 Ne4 15. Bxe7 Qxe7 16. Rad1 {[%emt 0:00:54] Against Nd2} Rfe8 {[%emt 0:01:20] [#]} 17. b3 $146 ({Predecessor:} 17. c3 c5 18. Nf5 Qe5 19. Ng3 Nf6 20. Rd2 g6 21. h3 Kg7 22. Rfd1 Rab8 23. b3 {0-1 (37) Lugovskoy,M (2420)-Nihal,S (2620) Chess.com INT 2020}) 17... c5 18. Nf5 Qe6 19. Ng3 ({But not} 19. Qg4 g6 20. Ne3 f5 $17) 19... d4 20. Nxe4 (20. Rde1 {looks sharper.} Ng5 21. Qd1 Qd5 22. Qg4) 20... Qxe4 21. Qxe4 Rxe4 $11 {[%emt 0:00:02][%mdl 4096] Endgame KRR-KRR} 22. Rfe1 Rae8 23. Rxe4 Rxe4 {[%emt 0:00:02] KR-KR} 24. Kf1 {[%emt 0:00:24][%cal Oc2c3] The position is equal.} f5 25. c3 dxc3 26. Rc1 c4 27. Rxc3 cxb3 28. axb3 g6 29. Rc7 Rb4 30. Rxa7 Rxb3 {[%emt 0:00:04] A balanced but interesting game.  Weighted Error Value: White=0.03 (flawless) /Black=0.04 (flawless)} 1/2-1/2

[Event "SVK ECo-C Extraliga 2021-22"]
[Site "Slovakia"]
[Date "2022.05.09"]
[Round "8.5"]
[White "Kravec, Patrik"]
[Black "Varga Zoltan"]
[Result "0-1"]
[ECO "B03"]
[WhiteElo "2152"]
[BlackElo "2395"]
[Annotator "TA"]
[PlyCount "113"]
[EventDate "2021.10.21"]
[EventType "team-tourn"]
[EventCountry "SVK"]
[SourceTitle "playchess.com"]
[Source "ChessBase"]
[SourceQuality "1"]
[TimeControl "40/5400+30:1800+30"]

1. e4 Nf6 2. e5 Nd5 3. d4 d6 4. c4 Nb6 5. exd6 exd6 6. Nc3 Be7 7. Bd3 c6 {[%emt 0:00:09] 7...0-0 is becoming the main line. B03: Alekhine's Defence: Four Pawns Attack.} 8. Nge2 d5 9. c5 N6d7 {[%emt 0:00:06] [#] White is slightly better.} 10. Rb1 $146 ({Predecessor:} 10. Bf4 O-O 11. O-O Re8 12. b4 Nf8 {½-½ (12) Horvath,A (2476)-Varga,Z (2528) Kallithea 2002}) 10... a5 11. a3 b6 12. b4 axb4 13. axb4 bxc5 14. bxc5 O-O 15. O-O Bf6 16. Bf4 g6 17. h3 Re8 18. Qd2 Ba6 (18... Na6 $16) 19. Ra1 $18 Qc8 20. Rfb1 $2 {[%emt 0:01:15] [#]} (20. Ra4 $18) 20... Bxd3 $14 21. Qxd3 ({Reject} 21. Rxa8 Bxb1 22. Nxb1 Qb7 $17) 21... Rxa1 22. Rxa1 Nf8 23. Rb1 (23. Ra7 $14) 23... Nbd7 $11 24. Na4 Qa8 25. Nec3 Ne6 26. Be3 Rb8 {[%emt 0:00:06] White must now prevent ...Rxb1+.} (26... Qa5 {is more complex.} 27. Rb7 Rd8 28. g3 Ndxc5 29. dxc5 Bg7) 27. Rxb8+ (27. Nb6 {seems wilder.} Nxb6 28. Rxb6 Qa1+ 29. Nd1) 27... Nxb8 28. Qd1 Qa6 29. Nb6 Qa3 30. Ne2 Qb2 31. Qd3 Kf8 32. Kh2 (32. g4 {keeps more tension.} Qa1+ 33. Kg2 Kg8 34. Qb3) 32... Ke8 ({Black should play} 32... Bd8 $11) 33. Nc8 Kf8 34. Nb6 (34. Nd6 $14) 34... Bd8 35. Na4 Qb4 36. Nac3 Bf6 37. Na2 Qb7 38. Nac3 Na6 39. Na4 Nac7 40. Nac3 Qb3 41. Qd2 h5 (41... Qc4 $5 ) 42. Na2 Ke8 43. Nac3 (43. Nb4 $11) 43... Kd7 44. g3 Na6 (44... Qc4 $17) 45. Na2 (45. Qa2 $1 $11 Qxa2 46. Nxa2) 45... Qc4 $15 {[%emt 0:01:41] 0x0.00288eea591bdp-1022s more active pieces.} 46. Kg2 Bd8 47. Qb2 (47. Nac1 $11) 47... Qb5 (47... Nac7 $17 {...Bf6 is the strong threat.} 48. Nac3 Bf6) 48. Qc2 Bc7 49. Qd2 Qc4 50. h4 Kc8 51. Kf3 $2 (51. Ng1 $11 {and White has nothing to worry.}) 51... Nexc5 52. Nac3 (52. Kg2 $17 Ne6 53. Ng1) 52... Ne6 53. Kg2 Ba5 54. Qb2 (54. Qa2 {keeps fighting.} Qxa2 55. Nxa2) 54... Nac7 (54... Bxc3 $19 55. Nxc3 Nxd4) 55. Nd1 (55. Qa1 $17 {was worth a try.} Bb4 56. Na2) 55... Nb5 $19 {[%emt 0:01:20] [#] Threatens to win with ...Qd3.} 56. Kf3 $2 (56. Nf4 Nexd4 57. Bxd4 Qxd4 58. Qe2) 56... Qd3 57. Nf4 {[%emt 0:00:28] What a bad dream for White.  Weighted Error Value: White=0.43/Black=0.22 (precise)} 0-1

[Event "SVK ECo-C Extraliga 2021-22"]
[Site "Slovakia"]
[Date "2022.05.08"]
[Round "8.5"]
[White "Vrbova, Niki"]
[Black "Mikes, Jan"]
[Result "0-1"]
[ECO "B15"]
[WhiteElo "2120"]
[BlackElo "2349"]
[Annotator "TA"]
[PlyCount "78"]
[EventDate "2021.10.21"]
[EventType "team-tourn"]
[EventCountry "SVK"]
[SourceTitle "playchess.com"]
[Source "ChessBase"]
[SourceQuality "1"]
[TimeControl "40/5400+30:1800+30"]

1. e4 c6 2. d4 d5 3. Nd2 dxe4 4. Nxe4 Nf6 5. Nxf6+ exf6 6. Nf3 Bd6 7. Bd3 {[%emt 0:02:37] The main line 7.Bd3 scores better than 7.Be2.} O-O 8. O-O Re8 9. Re1 {[%emt 0:09:54] B15: Caro-Kann: 3 Nc3: 3...g6 and 3...dxe4 4 Nxe4 Nf6 5 Nxf6+ exf6.} Be6 10. c3 Nd7 11. Bc2 {[%emt 0:01:04] [#] The position is equal.} Nf8 $146 ({Predecessor:} 11... Qa5 12. Qd3 Qh5 13. Re4 Bd5 14. Rxe8+ Rxe8 15. Kf1 Bxf3 16. Qxf3 Qxh2 17. g4 Nb6 {½-½ (47) Lacey,E-Ventimiglia,C IECC email 1998}) 12. Qd3 Qd7 13. Bd2 Bc7 14. b3 Qd6 15. g3 Qd7 16. Nh4 g6 17. Re3 (17. f4 $5 ) 17... Rad8 18. Rae1 Qc8 19. Qe2 Bg4 20. Qc4 Re6 21. Rxe6 Nxe6 22. Be4 Qd7 23. Bg2 g5 24. h3 (24. Nf3 $5 ) 24... gxh4 25. hxg4 hxg3 26. fxg3 (26. Qf1 $11) 26... Bxg3 $17 27. Re4 Bh4 28. Qe2 Bg5 29. Be3 Qd6 30. Qf3 Kg7 31. Qf2 (31. Bf2 $17) 31... Nf8 (31... h6 $19 32. Bf3 b6) 32. Qf5 {[%emt 0:01:26] [#]} (32. Bf4 $142 Bxf4 33. Qxf4) 32... h6 $1 33. Bf4 {[%emt 0:00:29] [#]} (33. Kf1 $142) 33... Qa3 $1 $19 34. Re2 Ng6 35. Bxg5 (35. Bc7 $17 Qc1+ 36. Kh2) 35... hxg5 36. Qc2 {[%emt 0:02:10] Prevents Qc1+.} Qd6 {[%emt 0:00:41] ...Qg3 is the strong threat.} ({Don't blunder} 36... Nf4 $2 37. Re3 $19) 37. Re3 Rh8 38. Rh3 Rxh3 39. Bxh3 Qg3+ {[%emt 0:00:05] Weighted Error Value: White=0.30/Black=0.11 (very precise)} 0-1

[Event "SVK ECo-C Extraliga 2021-22"]
[Site "Slovakia"]
[Date "2022.05.09"]
[Round "8.6"]
[White "Lipka, Juraj"]
[Black "Berta, Sandor"]
[Result "1-0"]
[ECO "E02"]
[WhiteElo "2379"]
[BlackElo "2062"]
[Annotator "TA"]
[PlyCount "87"]
[EventDate "2021.10.21"]
[EventType "team-tourn"]
[EventCountry "SVK"]
[SourceTitle "playchess.com"]
[Source "ChessBase"]
[SourceQuality "1"]
[TimeControl "40/5400+30:1800+30"]

1. d4 d5 2. Nf3 Nf6 3. c4 c6 4. g3 e6 5. Bg2 Be7 6. O-O O-O 7. Qc2 dxc4 {[%emt 0:08:22] 7...b6 is becoming the main line.} 8. Qxc4 Nbd7 (8... b5 $11 9. Qd3 Nbd7) 9. Rd1 {[%emt 0:05:56] E02: Open Catalan: 5 Qa4+.} Qa5 10. Bf4 Nd5 11. Bd2 {[%emt 0:01:28] [#] White is better.} Qb5 $146 ({Predecessor:} 11... N7b6 12. Qb3 Qa4 13. Qxa4 Nxa4 14. b3 Nab6 15. e4 Nb4 16. a3 Na6 17. Nc3 Nc7 {1-0 (65) Michalski,D (2154)-Demjen,A (2053) Brest 2012}) 12. Qxb5 cxb5 13. Nc3 Nxc3 14. Bxc3 Nb6 15. Ne5 f6 16. Nd3 a5 17. Rac1 Rd8 18. Nc5 b4 19. Be1 Bxc5 20. dxc5 {[%emt 0:10:15][%mdl 64] [#] Discovered Attack} Rxd1 21. Rxd1 Nc4 ({Black should try} 21... Nd7) 22. b3 (22. Rd8+ $142 Kf7 23. f4) 22... Ne5 $16 23. Rd6 {[%emt 0:03:59] Against Nc6} Kf8 24. f4 Nf7 25. Rb6 Nd8 $1 26. g4 Ke7 27. g5 $36 {[%emt 0:00:46][%mdl 2048] White is more active.} Ra6 28. Rxa6 {[%emt 0:01:55] 0x0.000a7ad55c9edp-1022s more active pieces. The black rooks are badly placed.} bxa6 29. gxf6+ gxf6 $14 {[%emt 0:00:02][%mdl 4096] Endgame KBB-KBN} 30. Bh4 Kf7 ({Black should play} 30... Nb7) 31. c6 $16 {[%emt 0:01:41] Black must now prevent Bf2.} Kg7 $2 {[%emt 0:00:36] This move loses the game for Black.} (31... Ke7 $16 32. Be4 h6) 32. Bf2 $18 Nf7 33. Bb6 e5 34. fxe5 fxe5 35. Bxa5 {[%emt 0:00:17] White is clearly winning.} Nd6 36. Bxb4 Nb5 (36... Ne8 $142 37. e4 Kf7) 37. e3 Kf6 38. a4 Nc7 39. Bd6 Ne8 40. Bc5 Nc7 41. b4 Bg4 42. Bf1 Bd1 43. b5 {[%emt 0:00:00] [#] Hoping for b6.} Bxa4 44. b6 {[%emt 0:00:00] Weighted Error Value: White=0.09 (flawless) /Black=0.30} 1-0

[Event "SVK ECo-C Extraliga 2021-22"]
[Site "Slovakia"]
[Date "2022.05.09"]
[Round "8.6"]
[White "Czebe, Attila"]
[Black "Pcola, Jaroslav"]
[Result "1-0"]
[ECO "C00"]
[WhiteElo "2366"]
[BlackElo "2044"]
[Annotator "TA"]
[PlyCount "120"]
[EventDate "2021.10.21"]
[EventType "team-tourn"]
[EventCountry "SVK"]
[SourceTitle "playchess.com"]
[Source "ChessBase"]
[SourceQuality "1"]
[TimeControl "40/5400+30:1800+30"]

1. e4 e6 2. d3 d5 3. Nd2 Nf6 4. Ngf3 c5 5. g3 Nc6 6. Bg2 Be7 7. O-O h6 8. Re1 Qc7 9. exd5 {[%emt 0:07:25] C00: French: Unusual White 2nd moves.} exd5 10. Nf1 O-O 11. Bf4 Bd6 12. Bxd6 Qxd6 13. Qd2 Be6 {[%emt 0:05:42] [#]} 14. c3 $146 ({Predecessor:} 14. Re2 Rad8 15. Rae1 d4 16. a3 Nd7 17. h3 c4 18. Rc1 cxd3 19. cxd3 Nc5 20. Qd1 Bb3 21. Qd2 Ba4 22. Rb1 Qg6 23. Ne5 Nxe5 24. Rxe5 Nxd3 25. Be4 Nxe5 {0-1 (25) Loschi,E-Boscolo,F Caorle 1991}) 14... b6 15. Ne3 Rad8 16. Nc2 Rfe8 17. h3 Bc8 18. Rxe8+ Rxe8 19. Re1 Rxe1+ 20. Qxe1 Bf5 21. Qd1 Ne7 22. Ne3 Bd7 23. d4 Nf5 {[%emt 0:04:32] Strongly threatening ...Nxe3.} 24. Nxf5 Bxf5 25. Qe2 Be6 26. Qe5 Qxe5 27. Nxe5 cxd4 28. cxd4 $11 {[%emt 0:00:07][%mdl 4096] Endgame KBN-KBN} Kf8 29. b4 a6 30. Bf1 {[%emt 0:04:23] The position is equal.} Bc8 31. f3 Bb7 32. Kf2 Ke7 33. Ke3 Ne8 34. h4 Nd6 35. Bh3 {[%emt 0:01:38] Inhibits Nf5+.} f6 36. Ng6+ Kf7 37. h5 a5 38. bxa5 bxa5 39. Bd7 Nc4+ 40. Kf2 Nb6 41. Bb5 Nc8 42. Nf4 Ke7 43. Ke3 Nd6 44. Bd3 Bc6 45. Kf2 Kd7 46. Ke2 Ke7 47. Ke3 Kd7 48. Ke2 Ke7 49. Kd2 Kd7 50. Bc2 Nc4+ 51. Kc3 Kd6 52. Bf5 Ne3 53. Bd3 Bd7 54. g4 f5 55. Kd2 Nc4+ 56. Bxc4 dxc4 57. gxf5 Bxf5 58. Kc3 Bb1 59. a3 Ba2 60. Ng2 Bb1 {[%emt 0:03:12] A rather calm draw.  Weighted Error Value: White=0.04 (flawless) /Black=0.04 (flawless)} 1-0

[Event "SVK ECo-C Extraliga 2021-22"]
[Site "Slovakia"]
[Date "2022.05.08"]
[Round "8.6"]
[White "Motuz, Karol"]
[Black "Nguyen, Piotr"]
[Result "0-1"]
[ECO "E70"]
[WhiteElo "2315"]
[BlackElo "2402"]
[Annotator "TA"]
[PlyCount "64"]
[EventDate "2021.10.21"]
[EventType "team-tourn"]
[EventCountry "SVK"]
[SourceTitle "playchess.com"]
[Source "ChessBase"]
[SourceQuality "1"]
[TimeControl "40/5400+30:1800+30"]

1. d4 Nf6 2. c4 g6 3. Nc3 Bg7 4. e4 d6 5. Nge2 O-O 6. Ng3 h5 {[%emt 0:00:05] 6...a6 is setting a new trend.} 7. Be2 {[%emt 0:03:04] E70: King's Indian: Miscellaneous lines with 4 e4, including 5 Nge2 and 5 Bd3 0-0 6 Nge2.} c5 8. d5 $1 b5 9. cxb5 {[%emt 0:05:33] White is slightly better.} ({Don't play} 9. Nxb5 h4 10. Nf1 (10. e5 hxg3 11. exf6 gxf2+ 12. Kxf2 Bxf6 $11) 10... Nxe4 $11) 9... a6 10. Bg5 axb5 11. Bxb5 {[%emt 0:01:41] [#]} Qb6 $146 ({Predecessor:} 11... Ba6 12. Bxa6 Nxa6 13. Qd2 Qb6 14. O-O Nc7 15. Rac1 Rfb8 16. b3 Qb4 17. f3 Nb5 {1-0 (67) Nikolaidis,I (2517)-Kouskoutis,G (2365) Thessaloniki 2017}) 12. a4 Na6 13. Rb1 Nc7 14. Be2 (14. Bc6 $14) 14... e6 15. O-O exd5 16. exd5 Re8 17. Qd2 (17. Bc4 $14) 17... Qb4 $1 $11 18. h4 Rb8 (18... Nfxd5 $2 19. Nxd5 Qxd2 20. Nxc7 $18) 19. Rfd1 Bb7 ({Black should try} 19... Bd7 $14) 20. Nb5 Qxd2 21. Rxd2 Nxb5 22. Bxb5 Re5 (22... Rf8 $142) 23. Bf4 $16 Rxd5 24. Rxd5 ({But not} 24. Bxd6 Rxd2 25. Bxb8 Ng4) 24... Nxd5 25. Bxd6 Rc8 26. Ne4 Bd4 27. Bd7 $2 (27. Rd1 $16) 27... Rd8 $1 $11 28. Bxc5 {[%emt 0:00:38] [#]} Nf4 $1 $15 29. Bxd4 Ne2+ 30. Kf1 Bxe4 {[%emt 0:00:04] Black is slightly better.} 31. Rd1 {[%emt 0:00:22] And now Bf6 would win.} ({Not} 31. Kxe2 $2 Bxb1 32. Ke3 Rxd7 $19) 31... Nxd4 32. Rxd4 Bf5 {[%emt 0:00:32] Weighted Error Value: White=0.24 (precise) /Black=0.11 (very precise)} 0-1

[Event "SVK ECo-C Extraliga 2021-22"]
[Site "Slovakia"]
[Date "2022.05.08"]
[Round "8.6"]
[White "Karas, Marek"]
[Black "Gazik, Igor"]
[Result "1/2-1/2"]
[ECO "A45"]
[WhiteElo "2292"]
[BlackElo "2229"]
[Annotator "TA"]
[PlyCount "75"]
[EventDate "2021.10.21"]
[EventType "team-tourn"]
[EventCountry "SVK"]
[SourceTitle "playchess.com"]
[Source "ChessBase"]
[SourceQuality "1"]
[TimeControl "40/5400+30:1800+30"]

1. d4 Nf6 2. Bf4 g6 3. Nc3 d6 4. e4 Bg7 5. Qd2 O-O 6. Nf3 Bg4 7. Be2 {[%emt 0:03:30] 7.0-0-0 deserves study.} Nbd7 {[%emt 0:07:45] B08: Pirc Defence: Classical System.} 8. Bh6 e5 9. Bxg7 Kxg7 {[%emt 0:00:02] White is slightly better.} 10. O-O-O c6 11. h3 Bxf3 12. Bxf3 b5 13. g4 Nb6 $1 14. dxe5 dxe5 {[%emt 0:00:07] [#]} 15. Qd6 $146 ({Predecessor:} 15. Qxd8 Rfxd8 16. Ne2 Kf8 17. b3 {½-½ (17) Lerner,K (2549)-Kantsler,B (2474) Herzliya 2009}) 15... Qxd6 16. Rxd6 Rfc8 17. g5 Ne8 18. Rd3 Kf8 19. Bg4 Rd8 20. Rhd1 Ke7 21. f4 exf4 22. Ne2 {[%emt 0:00:18] The position is equal.} Rd6 (22... Nc4 $5 ) 23. Rxd6 Nxd6 24. Nd4 Kf8 (24... Nxe4 $2 25. Re1 $18) 25. e5 Ndc4 26. Nxc6 Re8 27. Rf1 Nxe5 28. Nxa7 Nxg4 29. hxg4 $11 {[%emt 0:00:01][%mdl 4096] Endgame KRN-KRN} Re5 30. Rxf4 Rxg5 31. Rb4 Nc4 32. b3 ({Of course not} 32. Nxb5 Rxg4 33. Nc3 h5 34. Rb8+ Kg7 $17) 32... Nd6 33. a4 bxa4 34. bxa4 h5 35. gxh5 gxh5 36. Nb5 Ke7 37. Kd2 Rg4 38. Rxg4 {[%emt 0:00:35] Weighted Error Value: White=0.05 (flawless) /Black=0.03 (flawless)} 1/2-1/2

[Event "SVK ECo-C Extraliga 2021-22"]
[Site "Slovakia"]
[Date "2022.05.08"]
[Round "8.6"]
[White "Zetocha, Claudiu"]
[Black "Klemanic, Emil"]
[Result "1/2-1/2"]
[ECO "A04"]
[WhiteElo "2287"]
[BlackElo "2104"]
[Annotator "TA"]
[PlyCount "36"]
[EventDate "2021.10.21"]
[EventType "team-tourn"]
[EventCountry "SVK"]
[SourceTitle "playchess.com"]
[Source "ChessBase"]
[SourceQuality "1"]
[TimeControl "40/5400+30:1800+30"]

1. Nf3 d6 2. d4 Nf6 3. b3 g6 4. Bb2 Bg7 5. g3 b6 6. Bg2 {[%emt 0:01:20] A49: 1 d4 Nf6 2 Nf3 g6 3 g3: Anti-King's Indian systems.} Bb7 7. O-O Nbd7 8. c4 {[%emt 0:01:25] White is slightly better.} e6 9. Nc3 Ne4 10. Qc2 Nxc3 11. Bxc3 Nf6 12. Rfe1 Be4 13. Qb2 O-O {[%emt 0:00:37] [#]} 14. Bf1 $146 ({Predecessor:} 14. Rac1 Qe7 15. Bf1 Bb7 16. Nd2 d5 17. c5 b5 18. c6 Bxc6 19. Ba5 Bd7 20. Bxc7 {1-0 (50) Teske,H (2488)-Villar Reymundo,J (2214) Collado Villalba 2017}) 14... Bxf3 15. exf3 d5 16. a4 Qd7 17. a5 c6 18. axb6 axb6 {Weighted Error Value: White=0.08 (flawless) /Black=0.06 (flawless)} 1/2-1/2

[Event "SVK ECo-C Extraliga 2021-22"]
[Site "Slovakia"]
[Date "2022.05.08"]
[Round "8.6"]
[White "Kostelny, Jozef"]
[Black "Brnusak, Tomas"]
[Result "1-0"]
[ECO "A81"]
[WhiteElo "2123"]
[BlackElo "2212"]
[Annotator "TA"]
[PlyCount "61"]
[EventDate "2021.10.21"]
[EventType "team-tourn"]
[EventCountry "SVK"]
[SourceTitle "playchess.com"]
[Source "ChessBase"]
[SourceQuality "1"]
[TimeControl "40/5400+30:1800+30"]

1. d4 f5 2. g3 Nf6 3. Bg2 d6 4. Nf3 g6 5. O-O Bg7 6. b3 O-O 7. Bb2 e6 8. c4 {[%emt 0:00:44] A81: Dutch Defence: 2 g3.} Qe7 9. Qc2 Nc6 10. Nc3 {[%emt 0:11:48] White is slightly better.} Nb4 11. Qb1 {[%emt 0:03:51] [#]} (11. Qd2 $14) 11... a5 $146 ({Predecessor:} 11... e5 12. a3 Na6 13. dxe5 dxe5 14. e3 e4 15. Nd4 Rd8 16. Qc2 c6 17. Rfd1 Be6 18. Nxe6 Qxe6 {½-½ (45) Zaruba,A-Jernek,P Czech Republic 1995}) 12. Rd1 c6 13. a3 Na6 14. Na4 (14. b4 $5) 14... b5 15. Nb6 $36 {[%emt 0:02:26][%mdl 2048] White has good play.} Rb8 16. Nxc8 Rfxc8 17. Qc2 Ne4 18. Nd2 (18. c5 {keeps more tension.} dxc5 19. Ne5 a4 20. bxa4 bxa4 21. Nc4) 18... Nxd2 19. Rxd2 h5 {[%emt 0:11:37] [#]} (19... c5 $11) 20. Rc1 ({White should play} 20. e4 $1 $16) 20... b4 ({Better is} 20... Qb7 $14) 21. a4 $16 h4 22. e4 f4 (22... hxg3 $16 23. hxg3 Qd7) 23. e5 (23. gxf4 $18 {Black must now prevent e5.} Qf7 24. e5 dxe5 25. fxe5) 23... hxg3 $2 {[%emt 0:03:45] A mistake that costs the game.} (23... dxe5 $16 24. dxe5 (24. Qxg6 Qf7 $16) 24... fxg3) 24. Qxg6 ({Don't do} 24. fxg3 $6 dxe5 25. gxf4 (25. Qxg6 Qf7 $16) (25. dxe5 fxg3 26. Qxg6 gxh2+ 27. Kh1 Nc5 $16) 25... exd4 $16) (24. exd6 $142 gxh2+ 25. Kh1 Qxd6 26. Qxg6) 24... gxh2+ (24... dxe5 $142 25. Bh3 (25. fxg3 Qf7 $16) (25. dxe5 Nc5 $16) (25. hxg3 Qf7 $16) 25... Re8) 25. Kxh2 $18 dxe5 26. Bh3 ({Weaker is} 26. dxe5 Rd8 27. Rd6 Qh4+ 28. Kg1 Nc5 $14) 26... Qh4 $2 (26... Kf8 27. Bxe6 Re8) 27. Rg1 {[%emt 0:07:24][%csl Gg1][%cal Rg6g7] [#]} Rc7 28. d5 {[%emt 0:05:36] And now Bxe5 would win.} Kh8 29. Rg4 Qf6 30. Qh5+ Kg8 31. Bxe5 {[%emt 0:00:12] Weighted Error Value: White=0.36/Black=0.93} 1-0

[Event "SVK ECo-C Extraliga 2021-22"]
[Site "Slovakia"]
[Date "2022.05.08"]
[Round "8.7"]
[White "Jacko, Vladimir"]
[Black "Vojtek, Vladimir"]
[Result "1-0"]
[ECO "B92"]
[WhiteElo "2379"]
[BlackElo "2288"]
[Annotator "TA"]
[PlyCount "97"]
[EventDate "2021.10.21"]
[EventType "team-tourn"]
[EventCountry "SVK"]
[SourceTitle "playchess.com"]
[Source "ChessBase"]
[SourceQuality "1"]
[TimeControl "40/5400+30:1800+30"]

1. e4 c5 2. Nf3 d6 3. d4 cxd4 4. Nxd4 Nf6 5. Nc3 a6 6. Be2 e5 7. Nb3 Be7 8. O-O O-O 9. a4 Be6 10. Bf3 {[%emt 0:00:18] B92: Sicilian Najdorf: 6 Be2.} Nbd7 11. a5 b5 12. axb6 $1 {[%emt 0:13:33] White is slightly better.} Nxb6 13. Na5 Qc7 14. Re1 {[%emt 0:07:43] [#]} Rac8 $146 ({Predecessor:} 14... Nc4 15. Nxc4 Bxc4 16. Bd2 Qb7 17. b3 Be6 18. Ra2 Rfc8 19. Qe2 Bd8 20. Na4 Rc6 {1-0 (57) Areshchenko,A (2650)-Nepomniachtchi,I (2634) Dagomys 2008}) 15. Be3 Nc4 16. Nxc4 Bxc4 17. Qd2 h6 18. Rec1 Qb7 19. b3 Be6 20. Qd3 Rfd8 21. Nd5 Bxd5 22. exd5 Ra8 23. Ra4 Rdc8 24. Rca1 Bd8 25. h3 (25. Rxa6 e4 26. Bxe4 Nxe4 27. Rxa8 Rxa8 28. Rxa8 Qxa8 $17) 25... a5 26. Bd2 (26. c4 $16) 26... Qe7 27. Be4 (27. Bxa5 Bxa5 28. Rxa5 Rxa5 29. Rxa5 e4 $19) 27... Nxe4 28. Qxe4 Qc7 {[%emt 0:00:40] Black is on the road to losing.} (28... Bb6 $142) 29. R1a2 {[%emt 0:00:47] 0x0.00288ee9dc17dp-1022s more active pieces.} Qc5 (29... Qb7 $16) 30. b4 f5 (30... Qb5 {is a better defense.} 31. bxa5 Qb1+ 32. Kh2 Qf1) 31. bxc5 $18 fxe4 32. c6 (32. Bxa5 Rxc5 33. Bb4 (33. Bxd8 Rxd8 34. c4 Rdc8 $14) 33... Rxa4 34. Rxa4 Rc4 $16) (32. cxd6 Ra6 33. Rxe4 Rxd6 $18) 32... Bb6 (32... Ra7 {was necessary.} 33. c4 (33. Bxa5 Rca8 $14) (33. Rxe4 Bb6 $18) 33... Kf7) 33. Be3 (33. Bxa5 $142 Bc5 34. Bb4 Rxa4 35. Rxa4 Bxb4 36. Rxb4) 33... Rab8 (33... Bc7 34. Rxe4 Kf8) 34. Bxb6 Rxb6 35. Rxa5 {[%emt 0:00:09][%mdl 4096] Endgame KRR-KRR} Kh7 36. Ra8 Rc7 37. Rd8 Rb1+ 38. Kh2 Rf7 39. Rxd6 {[%emt 0:01:19] [#] Rd7 is the strong threat.} e3 40. fxe3 h5 41. Ra4 Rd1 42. Re4 g6 43. Rxe5 {[%emt 0:01:21] [#] Threatening mate with Rd7.} Rf2 44. Re7+ {[%emt 0:02:58] White mates.} Kh6 45. Ree6 Kg5 46. Rxg6+ Kh4 47. Rgf6 ({Inferior is} 47. Rde6 Rh1+ 48. Kxh1 Rf1+ 49. Kh2 Rh1+ 50. Kxh1 $11) 47... Rxd5 48. Rf4+ Rxf4 49. g3+ {[%emt 0:00:04] Weighted Error Value: White=0.18 (very precise) /Black=0.60} 1-0

[Event "SVK ECo-C Extraliga 2021-22"]
[Site "Slovakia"]
[Date "2022.05.08"]
[Round "8.7"]
[White "VladimirJacko"]
[Black "Vojtek, Vladimir"]
[Result "*"]
[ECO "B92"]
[WhiteElo "2379"]
[BlackElo "2287"]
[Annotator "TA"]
[PlyCount "38"]
[EventDate "2021.10.21"]
[EventType "team-tourn"]
[EventCountry "SVK"]
[SourceTitle "playchess.com"]
[Source "ChessBase"]
[SourceQuality "1"]
[TimeControl "40/5400+30:1800+30"]

1. e4 c5 2. Nf3 d6 3. d4 cxd4 4. Nxd4 Nf6 5. Nc3 a6 6. Be2 e5 7. Nb3 Be7 {[%emt 0:00:10] [#]} {Predecessor:} 8. O-O $146 {B92: Sicilian Najdorf: 6 Be2.} O-O 9. Kh1 b6 10. f3 Bb7 11. Be3 b5 12. a4 b4 13. Nd5 Nxd5 14. exd5 Nd7 15. c4 a5 16. f4 Bf6 17. Qd2 Re8 18. fxe5 Bxe5 19. Nd4 Nc5 {1-0 (92) Alekseenko,K (2698)-Vachier Lagrave,M (2758) Chess.com INT 2022} *